 Dungeon Crawl Stone Soup version bcrawl-1.21.2-28-g2cb1824106 (webtiles) character file.

Game seed: 2968179916816034986

158 Morbidden the Insei (level 5, 0/32 HPs)
             Began as a Vine Stalker Martial Artist on Mar 14, 2020.
             Was a Believer of Wu Jian.
             Succumbed to a scorpion's poison
             ... on level 3 of the Dungeon.
             The game lasted 00:08:10 (1517 turns).

Morbidden the Insei (Vine Stalker Martial Artist)   Turns: 1517, Time: 00:08:10

Health: 0/32       AC:  4    Str: 15    XL:     5   Next: 40%
Magic:  8/8        EV: 12    Int:  9    God:    Wu Jian [**....]
Gold:   103        SH:  0    Dex: 17    Spells: 6/7 levels left

rFire    . . .     SeeInvis .     - Unarmed
rCold    . . .     Gourm    .   (no shield)
rNeg     . . .     Faith    .   d - +0 leather armour
rPois    .         Spirit   .   l - +0 helmet
rElec    .         Reflect  .   (no cloak)
rCorr    .         Harm     .   (no gloves)
MR       .....                  (no boots)
Stlth    +.........             (no amulet)
HPRegen  0.50/turn              (no ring)
MPRegen  0.11/turn              (no ring)

@: confused, lethally poisoned (0 -> -7), drained
A: fangs 2, regeneration 1, no potion heal 3, rot immunity, strong jaws
a: Wall Jump, Serpent's Lash, Renounce Religion


You were on level 3 of the Dungeon.
You worshipped Wu Jian.
Wu Jian was pleased with you.
You were not hungry.

You visited 1 branch of the dungeon, and saw 3 of its levels.

You collected 103 gold pieces.

Inventory:

Armour
 d - a +0 leather armour (worn)
 l - a +0 helmet (worn)
Jewellery
 k - an uncursed ring of fire
Scrolls
 a - a scroll of fear {unknown}
 h - 3 scrolls of identify
 i - 2 scrolls of remove curse
 j - a scroll of teleportation {unknown}
 m - a scroll of enchant armour {unknown}
Potions
 b - a potion of agility
 c - a potion of ambrosia
 f - a potion of invisibility {unknown}
Comestibles
 e - 4 rations {!d}


   Skills:
 * Level 3.2(2.3) Fighting
 + Level 0.2(0.0) Armour
 + Level 3.3(2.4) Dodging
 + Level 2.0(1.1) Stealth
 * Level 5.4(4.4) Unarmed Combat
 + Level 1.5(0.6) Spellcasting
 * Level 1.7(0.8) Hexes


You had 6 spell levels left.
You knew the following spells:

 Your Spells              Type           Power        Failure   Level  Hunger
a - Confusing Touch       Hex            #.......     34%         1    ##.....
Your spell library was empty.

Dungeon Overview and Level Annotations

Branches:
Dungeon (3/12)

Altars:


Innate Abilities, Weirdness & Mutations

You have extremely sharp teeth.
Your natural rate of healing is unusually fast.
Potions cannot restore your health.
You are immune to rotting.
Your bites deal extra damage.


Message History

You feel sick.
No path to travel!
You feel less exhausted.
* * * LOW HITPOINT WARNING * * *
You feel sick.
Your magical contamination has completely faded away.
There is a lethal amount of poison in your body!
It was a potion of ambrosia.
You are confused.
Your system rejects the healing.
You feel invigorated.
* * * LOW HITPOINT WARNING * * *
You feel sick.
* * * LOW HITPOINT WARNING * * *
You feel sick.
* * * LOW HITPOINT WARNING * * *
You feel sick.
* * * LOW HITPOINT WARNING * * *
You feel sick.
You're too confused to move!
You die...

##### #.#
#[.)#..#.#
#.#.#..#.# ##
#.#.#..#.# #.♣
#.#.#..#.##..♣
#.#.#..#.#..♣
#.#.#..#.#.♣♣
#.#<#..#....♣
#.###.@....♣♣
#.....>.....♣♣
########.....♣
#.....♣♣♣
#.....♣.♣.♣♣♣♣
#.............
#.....##.#####
####+## .. ##


There were no monsters in sight!

Vanquished Creatures
  A scorpion (D:3)
  A worker ant (D:1)
  3 adders (D:2)
  4 worms
  A dart slug (D:3)
  A leopard gecko (D:2)
  An orc (D:3)
  2 bats (D:2)
  A giant cockroach (D:2)
  9 goblins
  6 hobgoblins
  8 kobolds
  A quokka (D:2)
  3 frilled lizards
  4 rats
46 creatures vanquished.

Notes
Turn   | Place    | Note
-------+----------+-------------------------------------------
     0 | D:1      | Morbidden the Vine Stalker Martial Artist began the quest
                  | for the Orb.
     0 | D:1      | Reached XP level 1. HP: 13/13 MP: 3/3
     1 | D:1      | Noticed an elf
     2 | D:1      | Noticed a gargoyle
     4 | D:1      | Noticed an ogre
     4 | D:1      | Noticed a demonspawn
     6 | D:1      | Noticed a felid
     8 | D:1      | Noticed an octopode
     8 | D:1      | Noticed a naga
    10 | D:1      | Noticed a demigod
    10 | D:1      | Noticed a draconian
    12 | D:1      | Noticed a vine stalker
    12 | D:1      | Noticed a merfolk
    14 | D:1      | Noticed a human
    16 | D:1      | Noticed a halfling
    16 | D:1      | Noticed a vampire
    18 | D:1      | Noticed a ghoul
    18 | D:1      | Noticed a troll
    20 | D:1      | Noticed a centaur
    22 | D:1      | Noticed a tengu
    22 | D:1      | Noticed a formicid
    24 | D:1      | Noticed a dwarf
    26 | D:1      | Noticed a minotaur
    26 | D:1      | Noticed a spriggan
    83 | D:1      | Reached XP level 2. HP: 18/18 MP: 2/4
   395 | D:1      | Reached XP level 3. HP: 19/22 MP: 3/5
   820 | D:2      | Reached XP level 4. HP: 28/28 MP: 4/6
   856 | D:2      | Reached skill level 5 in Unarmed Combat
   866 | D:2      | Reached ** piety under Wu Jian
  1511 | D:3      | Reached XP level 5. HP: 9/32 MP: 8/8
  1517 | D:3      | Succumbed to a scorpion's poison

Skill      XL: |  1  2  3  4 |
---------------+-------------+-----
Fighting       | 3 |  3.2
Unarmed Combat | 5 |  5.4
Stealth        | 2 |  2.0
Armour         | |  0.2
Dodging        | |  3.3
Spellcasting   | |  1.5
Hexes          | |  1.7

Action                   |  1- 3 |  4- 6 || total
-------------------------+-------+-------++-------
Melee: Unarmed           |    94 |    69 ||   163
       Bite              |     7 |    10 ||    17
       Punch             |     3 |     1 ||     4
 Cast: Confusing Touch   |    12 |     7 ||    19
Invok: Lunge             |     7 |    10 ||    17
       Whirlwind         |     1 |     4 ||     5
 Abil: Wall Jump         |     1 |     3 ||     4
       Serpent's Lash    |       |     2 ||     2
  Use: Potion            |     2 |     1 ||     3
       Scroll            |     1 |     2 ||     3
 Stab: Confused          |     1 |       ||     1
       Sleeping          |       |     3 ||     3
  Eat: Chunk             |       |     3 ||     3
Armor: Leather armour    |     3 |     3 ||     6
       Robe              |     3 |    12 ||    15
Dodge: Dodged            |    45 |    37 ||    82
